 Dungeon Crawl Stone Soup version 0.32-a0-913-g739538afd8 (webtiles) character file.

Game seed: 7522010314011344346

480 Shen the Grave Robber (level 6, -3/44 HPs)
             Began as a Mummy Necromancer on Apr 8, 2024.
             Was a Follower of Beogh.
             Slain by a phantom (4 damage)
             ... on level 4 of the Dungeon.
             The game lasted 00:07:36 (3926 turns).

Shen the Grave Robber (Mummy Necromancer)           Turns: 3926, Time: 00:07:37

Health: -3/44      AC:  3    Str: 11    XL:     6   Next: 86%
Magic:  13/13      EV: 11    Int: 17    God:    Beogh [*.....]
Gold:   197        SH:  5    Dex: 12    Spells: 10/15 levels left

rFire   x .          .
                       - Unarmed
rCold   + . .        (no shield)
rNeg    + + +        a - +0 robe
rPois   ∞            (no helmet)
rElec   .            (no cloak)
rCorr   .            h - +0 pair of gloves
SInv    .            (no boots)
Will    .....        f - amulet of reflection
Stlth   ++           (no ring)
HPRegen 0.27/turn    (no ring)
MPRegen 0.13/turn

%: reflection, faith
@: no status effects
A: cold resistance 1, negative energy resistance 3, torment resistance 2, heat
vulnerability 1, in touch with death 1, no potions, faith
a: Renounce Religion


You were on level 4 of the Dungeon.
You worshipped Beogh.
Beogh was aware of your devotion.
You visited 1 branch of the dungeon, and saw 4 of its levels.

You collected 197 gold pieces.

Inventory:

Missiles
 i - 6 javelins
Armour
 a - a +0 robe (worn)
 h - a +0 pair of gloves (worn)
Jewellery
 f - an amulet of reflection (around neck)
Wands
 e - a wand of iceblast (9)
Scrolls
 b - a scroll of noise {unknown}
 c - a scroll of enchant weapon {unknown}
 d - a scroll of blinking {unknown}
 g - a scroll of fear {unknown}
 j - a scroll of identify {unknown}
 k - a scroll of poison {unknown}


   Skills:
 + Level 2.0 Fighting
 - Level 1.5 Dodging
 - Level 1.5 Stealth
 + Level 1.6 Unarmed Combat
 + Level 5.1 Spellcasting
 - Level 5.7 Necromancy
 * Level 2.7 Invocations


You had 10 spell levels left.
You knew the following spells:

 Your Spells              Type           Power      Damage    Failure   Level
a - Necrotise             Necr           100%       1d9       1%          1
b - Animate Dead          Necr           35%        N/A       13%         4

Your spell library contained the following spells:

 Spells                   Type           Power      Damage    Failure   Level
 Vampiric Draining        Necr           35%        2d8       4%          3
 Apportation              Tloc           8%         N/A       14%         1
 Sting                    Conj/Alch      16%        1d4       14%         1
 Summon Small Mammal      Summ           16%        N/A       14%         1
 Curse of Agony           Necr           35%        N/A       36%         5


Dungeon Overview and Level Annotations

Branches:
Dungeon (4/15)
 Temple: D:4-7

Altars:
Xom


Innate Abilities, Weirdness & Mutations

You are immune to poison.
Your flesh is cold resistant. (rC+)
You are immune to negative energy. (rN+++)
You are immune to unholy pain and torment.
You are vulnerable to heat. (rF-)
You are in touch with the powers of death.
You do not drink.
You have a special connection with the divine. (Faith)


Message History

The phantom is heavily damaged.
You block the phantom's attack.
You hit the phantom but do no damage.
The phantom is heavily damaged.
Your kobold zombie closely misses the phantom.
The phantom hits you but does no damage.
You hit the phantom.
The phantom is heavily damaged.
Your kobold zombie closely misses the phantom.
The phantom closely misses you.
You hit the phantom but do no damage.
The phantom is heavily damaged.
Your kobold zombie hits the phantom but does no damage.
The phantom closely misses you.
You hit the phantom but do no damage.
The phantom is heavily damaged.
The phantom hits you.
Your kobold zombie misses the phantom.
You hit the phantom.
The phantom is severely damaged.
The phantom hits you.
* * * LOW HITPOINT WARNING * * *
The phantom blinks!
You blink.
The phantom hits you.
* * * LOW HITPOINT WARNING * * *
The phantom blinks!
You blink.
Things that are here:
a +0 short sword; a +0 giant club; an ogre corpse You hit the phantom.
The phantom is severely damaged.
The phantom hits you.
* * * LOW HITPOINT WARNING * * *
The phantom blinks!
You blink.
You hit the phantom.
The phantom is severely damaged.
The phantom hits you.
* * * LOW HITPOINT WARNING * * *
You barely miss the phantom.
The phantom is severely damaged.
The phantom hits you.
You die...

..≈.....≈.≈.........
#.≈.≈._.§.≈.#.######
#.≈.§§..≈.≈...#
..≈)§≈≈≈≈.≈..##
..≈)§§....≈.## .#
..≈≈≈≈≈≈≈≈≈.### #.#
..............## #.#
.....########..######.#
.........# ##..@W.##.#
.........# #####..#.#
.........# ##Z#.#
.....##### #§..# .....#
######†######### .....#
#......Z...§§..# ...###
#.####...#####.# ####
#.#.$# # #.##.#


You could see a phantom (ally target), a friendly hound zombie and a friendly
kobold zombie.

Vanquished Creatures
  An ice beast (D:4)
  A scorpion (D:4)
  A hound (D:4)
  3 orc wizards
  5 adders
  3 dart slugs
  8 orcs
  7 bats
  6 endoplasms
  2 giant cockroaches
  9 goblins
  4 hobgoblins
  6 jackals
  8 kobolds
  6 quokkas
  8 ball pythons
  3 frilled lizards
  3 rats
84 creatures vanquished.

Vanquished Creatures (collateral kills)
  An ogre (D:4)
  A bat (D:3)
  A frilled lizard (D:2)
  2 kobolds (D:4)
  A rat (D:3)
6 creatures vanquished.

Vanquished Creatures (others)
  An ice beast zombie (D:4)
1 creature vanquished.

Grand Total: 91 creatures vanquished

Notes
Turn   | Place    | Note
-------+----------+-------------------------------------------
     0 | D:1      | Shen the Mummy Necromancer began the quest for the Orb.
     0 | D:1      | Reached XP level 1. HP: 13/13 MP: 4/4
   311 | D:1      | Reached XP level 2. HP: 19/19 MP: 4/6
  1145 | D:2      | Reached XP level 3. HP: 24/24 MP: 2/7
  1447 | D:2      | Reached skill level 5 in Necromancy
  1995 | D:2      | Reached XP level 4. HP: 30/30 MP: 6/9
  2868 | D:3      | Reached XP level 5. HP: 31/35 MP: 7/11
  2870 | D:3      | Became a worshipper of Beogh the Shepherd
  3102 | D:3      | Learned a level 4 spell: Animate Dead
  3264 | D:4      | Noticed an ice beast
  3271 | D:4      | Killed an ice beast
  3272 | D:4      | Reached skill level 1 in Fighting
  3272 | D:4      | Reached skill level 1 in Invocations
  3413 | D:4      | Found a shimmering altar of Xom.
  3415 | D:4      | Reached XP level 6. HP: 40/43 MP: 11/13
  3423 | D:4      | Reached skill level 1 in Unarmed Combat
  3728 | D:4      | Reached * piety under Beogh
  3865 | D:4      | Reached skill level 5 in Spellcasting
  3925 | D:4      | HP: 1/44 [phantom (5)]
  3926 | D:4      | Slain by a phantom

Illustrated notes

Levels and vault maps discovered:
D:1:      enne_arrival_octagon_isle, layout_basic
D:2:      minmay_thinvault, layout_loops_ring, basic_altar, kennysheep_doodads
D:3:      layout_loops_cross, chequers_decorated_corner
D:4:      layout_basic, mainiacjoe_overflow_concentric_impassable, st_stairs_6,
          lightli_corner_chamber

Skill      XL: |  1  2  3  4  5  6 |
---------------+-------------------+-----
Spellcasting   | 3 4 5 |  5.1
Necromancy     | 5 |  5.7
Fighting       | 1 2 |  2.0
Invocations    | 1 2 |  2.7
Unarmed Combat | 1 |  1.6
Dodging        | |  1.5
Stealth        | |  1.5

Action                     |  1- 3 |  4- 6 || total
---------------------------+-------+-------++-------
  Melee: Unarmed           |     9 |    39 ||    48
         Punch             |       |     1 ||     1
   Cast: Necrotise         |    75 |    85 ||   160
         Animate Dead      |       |     1 ||     1
 Invoke: Convert to Beogh  |       |     1 ||     1
   Stab: Sleeping          |       |     1 ||     1
         Distracted        |       |     1 ||     1
 Armour: Robe              |    23 |    38 ||    61
  Dodge: Dodged            |    23 |    29 ||    52
  Block: Other             |       |    15 ||    15
         Reflection        |       |     2 ||     2

Table legend: (Time is in decaauts)
 A = Elapsed time spent in this place.
 B = Non-inter-level travel time spent in this place.
 C = Inter-level travel time spent in this place.
 D = Time resting spent in this place.
 E = Time spent auto-exploring this place.
 F = Levels seen in this place.
 G = Mean time per level.
                   A        B        C        D        E       F      G
               +--------+--------+--------+--------+--------+-----+--------+
         Total |   3924 |   3835 |     89 |      0 |   3314 |   4 |  981.0 |
       Dungeon |   3924 |   3835 |     89 |      0 |   3314 |   4 |  981.0 |
               +--------+--------+--------+--------+--------+-----+--------+

Top non-repeatable levels by time:
     D:2: 1411 daAuts
     D:3: 1023 daAuts
     D:4: 759 daAuts
     D:1: 729 daAuts
